AoeStats
← Saladin

MegaRandom

504425964Analyzed
1v1 RM · 28d ago on Sep 5, 2026· 24m 0s· 2 players
Game mode
Random Map
Map size
Tiny (2 player)
Population
200
Speed
Normal
Resources
Standard
Victory
Conquest
Starting age
Dark Age
Ending age
Imperial Age
RankedLock teamsTeams togetherTeam positionsShared explorationLock speedFull tech treeHidden civsTurbo modeCheats
Victory
Defeat
🇵🇰 Magyars · Pakistan
1000
+55
🇩🇪 Aztecs · Germany
1037
-18
Saladin
0:34 Loom
11:52 Feudal Age
12:29 Double-Bit Axe
12:36 Horse Collar
15:26 Castle Age
16:19 Scale Barding Armor
17:15 Bow Saw
17:50 Corvinian Army
23:39 Chain Barding Armor
Hustlin' Squirrel
8:21 Loom
10:21 Feudal Age
15:02 Castle Age
13:22 Arson
14:49 Forging
16:07 Double-Bit Axe
19:27 Eagle Warrior
20:08 Squires
Connection lost

Rejoining the realm…

Still unreachable

The connection could not be restored.

Session expired

The server has moved on; the page needs a fresh start.